 Dungeon Crawl Stone Soup version 0.18-b1-22-ge198996 (webtiles) character file.

571 Wooh the Skirmisher (level 7, -6/64 HPs)
             Began as a Purple Draconian Hunter on May 4, 2016.
             Mangled by an ogre
             ... wielding a +0 giant club
              (18 damage)
             ... on level 4 of the Dungeon.
             The game lasted 00:19:20 (4234 turns).

Wooh the Skirmisher (Purple Draconian Hunter)       Turns: 4234, Time: 00:19:20

Health: -6/64      AC:  6    Str: 14    XL:     7   Next: 11%
Magic:  7/7        EV: 12    Int: 12    God:
Gold:   276        SH:  0    Dex: 13    Spells: 0 memorised, 6 levels left

rFire  . . .     SeeInvis .     o - +1 falchion (slice)
rCold  . . .     Gourm    .     (armour unavailable)
rNeg   . . .     Faith    +     (no shield)
rPois  .         Spirit   .     (helmet restricted)
rElec  .         Dismiss  .     (no cloak)
rCorr  .         Reflect  .     (no gloves)
SustAt .         Harm     .     (no boots)
MR     +....                    g - amulet of faith
Stlth  +.........               (no ring)
                                (no ring)

@: somewhat resistant to hostile enchantments, very unstealthy
A: breathe power, unfitting armour, cold-blooded, AC +6
a: Breathe Dispelling Energy


You were on level 4 of the Dungeon.
You were near starving.

You visited 1 branch of the dungeon, and saw 4 of its levels.

You collected 276 gold pieces.

Inventory:

Hand Weapons
 a - a +1 shortbow
 b - a +0 short sword
 o - a +1 falchion of slicing (weapon)
Missiles
 c - 10 arrows
Jewellery
 g - an amulet of faith (around neck)
Wands
 m - a wand of slowing (17/48)
Scrolls
 f - 2 scrolls of recharging
 j - a scroll of fear
 k - a scroll of blinking {unknown}
 q - a scroll of immolation {unknown}
 s - 2 scrolls of amnesia {unknown}
Potions
 e - 6 potions of curing
 h - a potion of degeneration {unknown}
 i - a potion of agility
 l - a potion of lignification {unknown}
 n - a potion of cancellation
 p - a potion of haste {unknown}
 r - a potion of might {unknown}
 t - a potion of cure mutation {unknown}
 u - a potion of ambrosia {unknown}
Comestibles
 d - a bread ration


   Skills:
 + Level 6.3 Fighting
 + Level 6.1 Bows
 - Level 1.7 Dodging
 - Level 0.8 Stealth


You had 6 spell levels left.
You didn't know any spells.

Dungeon Overview and Level Annotations

Branches:
Dungeon (4/15)
 Temple: D:4-7

Altars:
Ashenzari
Fedhas
Sif Muna


Innate Abilities, Weirdness & Mutations

You can breathe bolts of dispelling energy.
Your rich purple scales are hard (AC +6).
Your body does not fit into most forms of armour.
You are cold-blooded and may be slowed by cold attacks.


Message History

The ogre is moderately wounded.
The ogre completely misses you.
You hit the ogre. You tail-slap the ogre.
The ogre is moderately wounded.
The ogre barely misses you.
You completely miss the ogre.
The ogre is moderately wounded.
The ogre hits you with a giant club!!
You hit the ogre but do no damage.
The ogre is moderately wounded.
The ogre hits you with a giant club!
You slash the ogre!
The ogre is severely wounded.
The ogre hits you with a giant club!!
* * * LOW HITPOINT WARNING * * *
There is a stone staircase leading up here.
You barely miss the ogre.
Your tail-slap misses the ogre.
The ogre is severely wounded.
The ogre hits you with a giant club!!
You die...

######## #......#
#######+#.#... ..
#........<#.# ..
#........O@.# ..
#........##### .#
#............# .#
######.#.###### .#
#.#......# .# ########
#.#.####.### .# #......#
#.######.#.# .# #......#
#........#.###
.###......###............#


You could see an ogre.

Vanquished Creatures
  Sigmund (D:2)
  The ghost of Cryoshakespeare the Sneak, an amateur HOAs (D:3)
  A hound (D:4)
  Natasha (thrice) (D:1)
  2 worker ants (D:4)
  Robin (D:1)
  6 adders
  2 oozes
  2 dart slugs (D:1)
  A giant gecko (D:2)
  4 orcs (D:4)
  5 bats
  3 giant cockroaches
  24 goblins
  10 hobgoblins
  4 jackals (D:2)
  7 kobolds
  5 giant newts
  4 rats
86 creatures vanquished.

Notes
Turn   | Place    | Note
--------------------------------------------------------------
     0 | D:1      | Wooh the Draconian Hunter began the quest for the Orb.
     0 | D:1      | Reached XP level 1. HP: 17/17 MP: 1/1
   252 | D:1      | Reached XP level 2. HP: 25/25 MP: 2/2
   762 | D:2      | Found a blossoming altar of Fedhas.
   762 | D:2      | Noticed Natasha
   773 | D:1      | Killed Natasha
   773 | D:1      | Reached XP level 3. HP: 6/31 MP: 3/3
  1128 | D:1      | Noticed Natasha
  1156 | D:1      | Killed Natasha
  1156 | D:1      | Reached XP level 4. HP: 16/40 MP: 4/4
  1562 | D:1      | Noticed Natasha
  1580 | D:1      | Killed Natasha
  1828 | D:2      | Noticed Robin
  1861 | D:1      | Reached XP level 5. HP: 27/47 MP: 5/5
  2128 | D:1      | Killed Robin
  2128 | D:1      | Reached skill level 5 in Bows
  2534 | D:2      | Noticed Sigmund
  2546 | D:2      | Killed Sigmund
  2546 | D:2      | Reached skill level 5 in Fighting
  2546 | D:2      | Reached XP level 6. HP: 45/56 MP: 6/6
  2774 | D:3      | Found a deep blue altar of Sif Muna.
  3044 | D:3      | Noticed Cryoshakespeare's ghost (amateur HOAs)
  3071 | D:3      | Killed Cryoshakespeare's ghost
  3245 | D:3      | Found a shattered altar of Ashenzari.
  3877 | D:4      | Your scales start taking on a rich purple colour.
  3877 | D:4      | Reached XP level 7. HP: 37/63 MP: 7/7
  4234 | D:4      | Mangled by an ogre

Skill      XL: |  1  2  3  4  5  6  7 |
---------------+----------------------+-----
Bows           | 4 5 6 |  6.1
Fighting       | 3 4 5 6 |  6.3
Dodging        | |  1.7
Stealth        | |  0.8

Action                   |  1- 3 |  4- 6 |  7- 9 || total
-------------------------+-------+-------+-------++-------
Melee: Short sword       |    63 |   151 |    23 ||   237
       Tailslap          |     7 |    20 |     4 ||    31
       Falchion          |       |    19 |     6 ||    25
 Fire: Shortbow          |    18 |    67 |       ||    85
  Use: Scroll            |       |     3 |     1 ||     4
 Stab: Sleeping          |     2 |     1 |       ||     3
  Eat: Chunk             |       |     9 |       ||     9
Armor: Skin              |    19 |    75 |     8 ||   102
Dodge: Dodged            |    40 |   160 |    13 ||   213
